 Dungeon Crawl Stone Soup version 0.28.0 (webtiles) character file.

Game seed: 711049789547665002

10 freelancePsychic the Sneak (level 2, -2/19 HPs)
             Began as a Kobold Delver on Feb 4, 2022.
             Slain by a scorpion (8 damage)
             ... on level 5 of the Dungeon.
             The game lasted 00:01:29 (283 turns).

freelancePsychic the Sneak (Kobold Delver)           Turns: 283, Time: 00:01:30

Health: -2/19      AC:  3    Str:  6 (9)  XL:     2   Next: 30%
Magic:  2/2        EV: 14    Int:  9 (11) God:
Gold:   14         SH:  0    Dex: 14 (16) Spells: 1/1 levels left

rFire   . . .      SeeInvis .   a - +0 short sword
rCold   . . .      Faith    .   (no shield)
rNeg    . . .      Spirit   .   b - +0 leather armour
rPois   .          Reflect  .   (no helmet)
rElec   .          Harm     .   (no cloak)
rCorr   .          Rampage  .   (no gloves)
Will    .....                   (no boots)
Stlth   ++++......              (no amulet)
HPRegen 0.06/turn               (no ring)
MPRegen 0.08/turn               (no ring)

@: lethally poisoned (-2 -> -10)
A: small, no large weapons, nightstalker 3
a: no special abilities


You were on level 5 of the Dungeon.
You visited 1 branch of the dungeon, and saw 1 of its levels.

You collected 14 gold pieces.

Inventory:

Hand Weapons
 a - a +0 short sword (weapon)
Armour
 b - a +0 leather armour (worn)
Wands
 g - a wand of digging (3)
Scrolls
 c - a scroll of fog
 h - a scroll of enchant armour {unknown}
 k - a scroll of teleportation {unknown}
 l - a scroll of identify {unknown}
Potions
 f - a potion of haste {@q3}
 i - a potion of degeneration
 j - a potion of curing {unknown}
 m - 2 potions of flight {unknown}
 n - a potion of might {unknown}


   Skills:
 + Level 3.5 Fighting
 + Level 3.1 Short Blades
 - Level 2.4 Dodging
 + Level 6.8 Stealth


You had one spell level left.
You didn't know any spells.
Your spell library was empty.

Dungeon Overview and Level Annotations

Branches:
Dungeon (5/15)
 Temple: D:4-7

Altars:

Annotations:
D:5 Blork the orc


Innate Abilities, Weirdness & Mutations

You are small and have problems with some larger weapons.
You are completely attuned to the shadows.


Message History

As you read the scroll of magic mapping, it crumbles to dust.
You feel aware of your surroundings.
Found a scroll labelled XOF ADIRCHABEMU.
A scorpion comes into view.
A gnoll comes into view. It is wielding a +0 whip.
Okay, then.
A gnoll shaman and 2 gnolls come into view.
A gnoll is wielding a +2 spear of venom.
You see here a scroll labelled XOF ADIRCHABEMU.
Unknown command.
The helpless gnoll shaman fails to defend itself.
You impale the gnoll shaman!!
The gnoll shaman is almost dead.
The helpless gnoll fails to defend itself.
You impale the gnoll!!
You kill the gnoll!
The gnoll shaman calls upon its god to speed up the gnoll.
The gnoll shouts!
The gnoll seems to speed up.
The scorpion barely misses you.
The gnoll shouts!
Your Short Blades skill increases to level 3!
You have reached level 2!
As you read the scroll of fear, it crumbles to dust.
You assume a fearsome visage.
The gnoll shaman easily resists.
The gnoll looks frightened! x2; The scorpion resists with some effort.
The scorpion stings you.
You are poisoned.
The scorpion poisons you!
The gnoll shaman hits you with a +0 whip.
Okay, then.
As you read the scroll of fear, it crumbles to dust.
You assume a fearsome visage.
The gnoll shaman looks frightened!
The scorpion resists with some effort.
You feel very sick. The scorpion misses you. The scorpion closely misses you.
It was a potion of degeneration.
There was something very wrong with that liquid.
You feel weakened.
You feel dopey.
You feel clumsy.
You feel sick. The scorpion stings you!
You die...

#..........>.....(........
#.###.........############
#.###.######### **
#........####*** *, ###
###..........,,* *, ..#
#.#.##.####*,* *,
#.########.#.##.# *,* *,
...........#.##s#####,**********,
.#####.##..#.##)@..g.,,<,,,,,,,,,
.# #.##..#,*#######,***********
.# #.##..#l* *,* .# #.......* *,*
,* ####..##* *,*
,********..#*********,*
,,,,,,,,,....,,,,,,,,,*
*********####**********


You could see a gnoll shaman (fleeing) and a scorpion.

Vanquished Creatures
  A gnoll (D:5)
1 creature vanquished.

Notes
Turn   | Place    | Note
-------+----------+-------------------------------------------
     0 | D:5      | freelancePsychic the Kobold Delver began the quest for the
                  | Orb.
     0 | D:5      | Reached XP level 1. HP: 14/14 MP: 1/1
   107 | D:5      | Noticed Blork the orc
   184 | D:5      | Noticed a lemure
   229 | D:5      | Noticed an iguana
   249 | D:5      | Noticed a howler monkey
   273 | D:5      | Noticed a scorpion
   277 | D:5      | Noticed a gnoll shaman
   281 | D:5      | Reached XP level 2. HP: 19/19 MP: 2/2
   283 | D:5      | Slain by a scorpion

Illustrated notes

Levels and vault maps discovered:
D:5:      layout_loops_ring, uniq_pikel, uniq_blork_the_orc

Skill      XL: |  1 |
---------------+----+-----
Short Blades   | 3 |  3.1
Fighting       | |  3.5
Dodging        | |  2.4
Stealth        | |  6.8

Action                   || total
-------------------------++-------
Melee: Short sword       ||     2
  Use: Scroll            ||     3
       Potion            ||     1
 Stab: Sleeping          ||     2
Dodge: Dodged            ||     3
